[Event "*** Titled Tuesday Blitz"]
[Site "Chess.com"]
[Date "2020.05.12"]
[Round "6"]
[White "XDPS"]
[Black "FairChess_on_YouTube"]
[Result "1/2-1/2"]
[WhiteElo "2695"]
[BlackElo "3057"]
[TimeControl "180+1"]
[EndTime "11:07:01 PDT"]
[Termination "Game drawn - insufficient material"]

1. d4 Nf6 2. Bf4 c5 3. e3 g6 4.
c3 Bg7 5. Nd2 O-O 6. h3 Nc6 7.
Ngf3 d6 8. Be2 b6 9. O-O Bb7 10. Bh2 Rc8 11. a4 Qd7 12. Re1 Rfd8 13. Qb3 Na5 14.
Qa3 Ne4 15. Nxe4 Bxe4 16. Nd2 Bd5 17. e4 Ba8 18. d5 c4 19. Rad1 Rc5 20. Nf3 Nb3 21.
Bxc4 Rxc4 22. Qxb3 Rxa4 23. Ra1 b5 24. Bg3 h6 25.
Rxa4 bxa4 26. Qc4 a3 27. bxa3 Rc8 28. Qa6 Qb7 29. Qxb7 Bxb7 30. Rb1 Ba8 31. c4 f5 32. e5 g5 33. exd6 f4 34. d7 Rd8 35. Bh2 Kf7 36.
g3 e5 37. gxf4 exf4 38. h4 Bf6 39. hxg5 hxg5 40. Nd2 Rxd7 41. Ne4 Be7 42. Kg2 Bb7 43. Bg1 Ba6 44. Rc1 Bxa3 45. Ra1 Bxc4 46. Rxa3 Bxd5 47.
f3 g4 48. Rxa7 Rxa7 49. Bxa7 Kg6 50. Kf2 Kf5 51. fxg4+ Kxe4 52. Bb8 Be6 53. Bxf4 Kxf4 54. g5 Kxg5 1/2-1/2

[Event "*** Titled Tuesday Blitz"]
[Site "Chess.com"]
[Date "2020.05.12"]
[Round "6"]
[White "Morshynska"]
[Black "Kolle05"]
[Result "0-1"]
[WhiteElo "2171"]
[BlackElo "2385"]
[TimeControl "180+1"]
[EndTime "11:07:01 PDT"]
[Termination "Kolle05 won by checkmate"]

1. e4 c5 2. Nf3 d6 3. c3 Nf6 4. Bd3 Nc6 5. O-O e5 6. Bc2 Be7 7. h3 O-O 8. d4 b5 9. Be3 Qc7 10. Nbd2 a5 11. Rc1 Ba6 12. Re1 Rfc8 13. a3 b4 14.
cxb4 axb4 15. dxc5 dxc5 16. Bb3 bxa3 17. bxa3 Qa5 18. Bd5 Qxa3 19. Ra1 Qb4 20. Ng5 Nxd5 21. exd5 Nd4 22. Nge4 Bd3 23. d6 Bd8 24. Qg4 f5 25. Qh5 Bf6 26. Nxf6+ gxf6 27. Bh6 Qb7 28. Rxa8 Rxa8 29.
Nf3 Qf7 30. Qxf7+ Kxf7 31. Nd2 Rd8 32. f4 Rxd6 33. fxe5 fxe5 34. g4 fxg4 35. Be3 c4 36. Ne4 Ke6 37. Nxd6 Kxd6 38. hxg4 Kd5 39. Bxd4 exd4 40.
Kf2 c3 41. Rc1 Kc4 42. Ke1 Bg6 43. Kd1 d3 44. Ra1 Be4 45. Ra7 Bf3+ 46. Kc1 d2+ 47. Kb1 d1=Q+ 48. Ka2 Qb3+ 49. Ka1 Qb2# 0-1

[Event "*** Titled Tuesday Blitz"]
[Site "Chess.com"]
[Date "2020.05.12"]
[Round "6"]
[White "Duhless"]
[Black "WhiteKnight2612"]
[Result "1-0"]
[WhiteElo "3085"]
[BlackElo "2687"]
[TimeControl "180+1"]
[EndTime "11:07:02 PDT"]
[Termination "Duhless won by resignation"]

1. d4 d5 2. c4 e6 3. Nf3 Nf6 4.
g3 Be7 5. Bg2 O-O 6. O-O b6 7.
Ne5 Bb7 8. Nc3 Nbd7 9. cxd5 Nxd5 10. Nxd5 exd5 11. Bf4 Nxe5 12. Bxe5 f6 13. Bf4 Bd6 14.
Bxd6 Qxd6 15. Rc1 Rfe8 16. e3 Rac8 17. Rc3 c6 18. Qc2 Rc7 19. Rc1 Ree7 20. a3 g6 21.
b4 b5 22. Rc5 Rcd7 23. a4 a6 24. axb5 axb5 25. Rxc6 Bxc6 26. Qxc6 Qxb4 27. Qxf6 Re8 28. Qc6 Qd6 29. Qxb5 Kg7 30. Rc6 Qe7 31. Bxd5 Rf8 32. Bg2 Ra7 33. Qb2 Kh6 34. h4 Qf7 35. Rc2 Qf5 36. Rd2 Re7 37. e4 Qa5 38. d5 Rff7 39.
Qc1 Kg7 40. d6 Ra7 41. Qb2+ Kh6 42. e5 Rf5 43. d7 Qd8 44. e6 Rf8 45. Qd4 Rc7 46.
Qe3+ Kg7 47. e7 Rc1+ 48. Kh2 Qc7 1-0

[Event "*** Titled Tuesday Blitz"]
[Site "Chess.com"]
[Date "2020.05.12"]
[Round "6"]
[White "Unknown_IM"]
[Black "Spartakus1975"]
[Result "0-1"]
[WhiteElo "2560"]
[BlackElo "2728"]
[TimeControl "180+1"]
[EndTime "11:07:02 PDT"]
[Termination "Spartakus1975 won by checkmate"]

1. Nf3 d5 2. d4 Nf6 3. c4 c6 4. Nc3 a6 5. a4 e6 6. e3 c5 7.
cxd5 exd5 8. dxc5 Bxc5 9. Be2 Nc6 10. O-O O-O 11. Qc2 Qe7 12. Rd1 Be6 13. Bd2 Nb4 14.
Qb1 Rac8 15. Be1 Rfd8 16. Nd4 Nc6 17. Bf3 Bxd4 18. exd4 Bg4 19. Bxg4 Nxg4 20. Qf5 Nf6 21. f3 Re8 22. Bf2 Qe6 23. Qf4 h6 24. Re1 Qd7 25. Bh4 Nh5 26. Qd2 Qf5 27. g4 Qxf3 28. gxh5 Qg4+ 29. Bg3 Nxd4 30. Rxe8+ Rxe8 31. Qf4 Nf3+ 32. Kf2 Qxf4 33. Bxf4 Nd4 34. Nxd5 Re2+ 35. Kg3 Nf5+ 36. Kf3 Nd4+ 37. Kg3 Nf5+ 38. Kg4 g6 39. hxg6 fxg6 40.
Kf3 Nd4+ 41. Kg3 Nf5+ 42. Kh3 Rxb2 43. Re1 Kf7 44. Be5 Ra2 45. Rb1 g5 46. Rxb7+ Kg6 47. Rb6+ Kh7 48. Nf6+ Kg6 49. Ng4+ Kh5 50. Nf6+ Kg6 51.
Ne4+ Kh5 52. Ng3+ Nxg3 53. hxg3 g4# 0-1

[Event "*** Titled Tuesday Blitz"]
[Site "Chess.com"]
[Date "2020.05.12"]
[Round "6"]
[White "Shukh_Nikolay"]
[Black "Vesper2018"]
[Result "1-0"]
[WhiteElo "2526"]
[BlackElo "2241"]
[TimeControl "180+1"]
[EndTime "11:07:02 PDT"]
[Termination "Shukh_Nikolay won by resignation"]

1. e4 c5 2. Nf3 d6 3. d4 cxd4 4. Nxd4 Nf6 5. Nc3 a6 6. Bg5 Nbd7 7. f4 Qc7 8. Qf3 h6 9. Bxf6 Nxf6 10. f5 Qc5 11. O-O-O g5 12. h4 gxh4 13. Rxh4 h5 14. Kb1 Bd7 15. Be2 Bg7 16. Qd3 b5 17. Bf3 Rc8 18.
Nb3 Qe5 19. Qd4 Qxd4 20. Nxd4 b4 21. Nce2 Bh6 22. Rh3 e5 23. fxe6 fxe6 24. Ng3 Ke7 25. Nxh5 Nxh5 26. Rxh5 Be3 27. Ra5 Rcg8 28. Rxa6 Bxd4 29.
Rxd4 Rh1+ 30. Rd1 Rxd1+ 31. Bxd1 Rxg2 32. Kc1 e5 33. Rb6 Rg1 34. Kd2 Rg2+ 35. Ke3 Rg1 36. Be2 Ra1 37. Rxb4 Rxa2 38. Bd3 Ra1 39. Kd2 Be6 40.
Rb7+ Kf6 41. b4 d5 42. exd5 Bxd5 43. Rb6+ Kg5 44. c4 Bf3 45. Ke3 Bh1 46. Rg6+ Kh4 47.
Rg7 e4 48. Be2 Ra3+ 49. Kf2 e3+ 50. Kg1 Ra1+ 51. Kh2 Bc6 52. Rg4+ Kh5 53. Rg1+ 1-0

[Event "*** Titled Tuesday Blitz"]
[Site "Chess.com"]
[Date "2020.05.12"]
[Round "6"]
[White "1977Ivan"]
[Black "BigAl"]
[Result "0-1"]
[WhiteElo "2628"]
[BlackElo "2480"]
[TimeControl "180+1"]
[EndTime "11:07:03 PDT"]
[Termination "BigAl won on time"]

1. c4 Nf6 2. g3 g6 3. Bg2 Bg7 4. Nc3 O-O 5. d4 d6 6. Nf3 Nbd7 7. Bf4 Re8 8. Qd2 e5 9. dxe5 dxe5 10. Nxe5 Nh5 11.
Bg5 Qxg5 12. Qxg5 Nxe5 13. O-O c6 14. Ne4 Nxc4 15. b3 Nb6 16. Rad1 h6 17. Qc1 Bg4 18. Rfe1 Re7 19. Bf3 Bh3 20. Nd6 Nf6 21. Qc5 Nbd7 22. Qa3 Bf8 23. Nxb7 Rxe2 24. Qa6 Rc2 25. Bg2 Bg4 26.
Rc1 Rxc1 27. Rxc1 Ne5 28. h3 Bf3 29. Bxf3 Nxf3+ 30. Kg2 Ne5 31. f4 Ned7 32. Qxc6 Re8 33. Rc2 h5 34. Qf3 h4 35. g4 Re1 36. Re2 Ra1 37. g5 Nh5 38. Nd8 Bd6 39. Re8+ Kh7 40. Nxf7 Nxf4+ 41. Kf2 Rxa2+ 42. Ke3 Bc7 43. Qc6 Re2+ 44.
Kf3 Rxe8 45. Qxd7 Rf8 46. Qxc7 Ne6 47. Qe7 Nxg5+ 48. Qxg5 Rxf7+ 49. Kg4 Kg7 50. Qxh4 Rb7 0-1

[Event "*** Titled Tuesday Blitz"]
[Site "Chess.com"]
[Date "2020.05.12"]
[Round "6"]
[White "smshk35"]
[Black "chesslh19"]
[Result "1-0"]
[WhiteElo "2396"]
[BlackElo "2193"]
[TimeControl "180+1"]
[EndTime "11:07:03 PDT"]
[Termination "smshk35 won by resignation"]

1. e4 e5 2. Nf3 Nf6 3. Nxe5 d6 4. Nc4 Nxe4 5. Qe2 Qe7 6. d3 Nf6 7. Nc3 Qxe2+ 8. Bxe2 Be7 9. h3 O-O 10. Bf4 a6 11.
O-O-O Nc6 12. g4 Nd4 13. Bf1 b5 14. Bg2 Rb8 15. Ne3 b4 16. Ncd5 Nxd5 17. Nxd5 Ne2+ 18.
Kb1 Nxf4 19. Nxe7+ Kh8 20. Bc6 Be6 21. d4 Ng6 22.
Nxg6+ fxg6 23. Rhe1 Bc4 24. f3 Rb6 25. d5 h6 26. b3 Bb5 27. Bxb5 Rxb5 28. Rd3 Kg8 29. Re7 Rf7 30. Re8+ Rf8 31. Rxf8+ Kxf8 32. c4 bxc3 33. Kc2 Rc5 34. b4 Rc4 35. Rxc3 Rxb4 36. Rxc7 Rb5 37. Ra7 Ra5 38. Kb2 Rxd5 39. Rxa6 Rd3 40. Ra3 Rd2+ 41. Kc3 Rd1 42. Ra7 d5 43. a4 d4+ 44. Kc2 Ra1 45. Kd3 Ra3+ 46. Kxd4 Rxf3 47. a5 h5 48. gxh5 gxh5 49. a6 Rxh3 50. Rb7 Ra3 51.
a7 g5 52. Rb8+ Kf7 53. a8=Q Rxa8 54. Rxa8 Kf6 55. Ke3 Kf5 56. Kf2 Kg4 57. Kg2 h4 58. Ra4+ Kh5 59. Kh3 1-0

[Event "*** Titled Tuesday Blitz"]
[Site "Chess.com"]
[Date "2020.05.12"]
[Round "6"]
[White "MikeSailer"]
[Black "MarcoCorvi"]
[Result "0-1"]
[WhiteElo "1996"]
[BlackElo "2184"]
[TimeControl "180+1"]
[EndTime "11:07:03 PDT"]
[Termination "MarcoCorvi won on time"]

1. d4 f5 2. Nc3 Nf6 3. Bg5 e6 4. e4 fxe4 5. Nxe4 Be7 6. Bxf6 Bxf6 7. Qh5+ g6 8. Nxf6+ Qxf6 9. Qg4 O-O 10. Nf3 Nc6 11.
h4 d5 12. O-O-O e5 13. dxe5 Nxe5 14. Qd4 Nxf3 15. Qxd5+ Be6 16. Qxf3 Qxf3 17. gxf3 Rxf3 18. Rd2 Raf8 19. Rh2 c6 20. Bd3 Kg7 21. h5 g5 22.
h6+ Kf6 23. Bxh7 Rh8 24. Be4 Rf4 25. Bd3 Bf5 26. Bxf5 Kxf5 27. h7 Rh4 28. Rg2 R8xh7 29. c3 g4 30. Rd3 Re7 31. Kd2 Re4 32. Re3 Rxe3 33. Kxe3 Rh3+ 34. Rg3 Rh1 35. Kd4 Rf1 36. Rg2 Kf4 37. a4 Rb1 38. b4 Ra1 39. a5 Rc1 40. Kd3 b6 41. axb6 axb6 42. Kd4 Rc2 43. Kc4 Kf3 44.
Rg3+ Kf4 45. Rg2 Rc1 46. b5 c5 47. Kd5 Rxc3 48. Kc6 Rb3 0-1

[Event "*** Titled Tuesday Blitz"]
[Site "Chess.com"]
[Date "2020.05.12"]
[Round "6"]
[White "mshuaau0"]
[Black "Ekka83"]
[Result "0-1"]
[WhiteElo "2173"]
[BlackElo "2354"]
[TimeControl "180+1"]
[EndTime "11:07:04 PDT"]
[Termination "Ekka83 won by resignation"]

1. e4 c5 2. Nf3 e6 3. d4 cxd4 4.
Nxd4 Nc6 5. Be3 Qc7 6. Be2 Nf6 7.
f3 a6 8. c4 Bd6 9. g3 O-O 10. Nxc6 dxc6 11. c5 Be5 12. Qc2 Qa5+ 13. Nd2 Rd8 14. O-O Bd4 15. Bxd4 Rxd4 16. Nb3 Qd8 17.
Nxd4 Qxd4+ 18. Kg2 Bd7 19. Rfd1 Qe5 20. f4 Qc7 21. Bf3 e5 22. Rd6 Bg4 23. fxe5 Bxf3+ 24. Kxf3 Nd7 25. Qc3 Re8 26. e6 fxe6 27. e5 Rf8+ 28. Kg2 Rf5 29. Re1 Nf8 30. Qd4 Qf7 31. Re2 h5 32.
Rf2 Ng6 33. Rxf5 Qxf5 34. Rd8+ Kh7 35. Rd7 Nxe5 36. Rxb7 Qf3+ 37. Kg1 Qf6 38. Rb3 Nf3+ 39. Rxf3 Qxd4+ 40. Kg2 Qxb2+ 41. Rf2 Qc1 42. Re2 Qxc5 43. Kh3 Qf5+ 44. Kg2 Qd5+ 45. Kh3 c5 46. Re3 Kg6 47.
Rf3 Qxf3 0-1

[Event "*** Titled Tuesday Blitz"]
[Site "Chess.com"]
[Date "2020.05.12"]
[Round "6"]
[White "zmeeed67"]
[Black "konradrutkowski"]
[Result "0-1"]
[WhiteElo "2415"]
[BlackElo "2275"]
[TimeControl "180+1"]
[EndTime "11:07:05 PDT"]
[Termination "konradrutkowski won by resignation"]

1. d4 Nf6 2. c4 g6 3. Nc3 Bg7 4. Nf3 O-O 5. Bg5 d6 6. e3 Nc6 7. d5 Nb4 8. a3 Na6 9. Nd4 Nc5 10. Qc2 e5 11. dxe6 Nxe6 12. Nxe6 Bxe6 13. Be2 Qd7 14. Rd1 Rfe8 15. O-O Bf5 16. Qc1 Ne4 17. Nxe4 Bxe4 18. h3 Qf5 19. Bf4 h5 20. b4 b6 21. c5 bxc5 22.
bxc5 Qxc5 23. Qxc5 dxc5 24. Rc1 Bf8 25. Ba6 Bd6 26. Rfd1 Red8 27. Bg5 Rdb8 28. f3 Bc6 29. e4 Rb3 30. Rd3 Rab8 31. Be3 Rxd3 32. Bxd3 Rb3 33. Rd1 c4 34. Bxc4 Rxe3 35. Rc1 Rxa3 36. Rb1 Bc5+ 37.
Kh2 Bb6 38. Rd1 Kg7 39. Rd8 Rc3 40. Bf1 a5 41. Ba6 Rc1 42. Rd2 h4 43. g3 hxg3+ 44.
Kxg3 Bc5 45. Rd8 Bd6+ 46. Kf2 Bb4 47. Bd3 a4 48. Rb8 a3 49. Rxb4 a2 50. Rc4 a1=Q 0-1

[Event "*** Titled Tuesday Blitz"]
[Site "Chess.com"]
[Date "2020.05.12"]
[Round "6"]
[White "IMTominho"]
[Black "GelmanAlexander"]
[Result "0-1"]
[WhiteElo "2830"]
[BlackElo "2582"]
[TimeControl "180+1"]
[EndTime "11:07:06 PDT"]
[Termination "GelmanAlexander won by resignation"]

1. d4 Nf6 2. Bg5 c5 3. Bxf6 gxf6 4. dxc5 e6 5. e3 b6 6. cxb6 Qxb6 7. Qc1 Bb7 8. Nd2 Rg8 9. Ngf3 Nc6 10. g3 Rc8 11. Be2 h5 12. O-O h4 13. Nc4 Qc5 14. Nxh4 d5 15.
Nd2 d4 16. Nb3 Qg5 17. Nf3 Qh6 18. exd4 Qh3 19. Re1 Rh8 20. Bf1 Qh5 21. Bg2 Nb4 22.
d5 Nxc2 23. Qf4 Nxa1 24. Qa4+ Kd8 25. Qa5+ Rc7 26. Rxa1 Qxd5 27. Qe1 Ke8 28. Rd1 Qe4 29. Nbd4 Qxe1+ 30. Rxe1 Bc5 31. Nb3 Bb6 32. Nfd2 Bxg2 33. Kxg2 Rc2 34. Ne4 Rxb2 35. Nxf6+ Ke7 36. Ng4 Rxa2 37.
Ne3 a5 38. Kg1 a4 39. Nc1 Rb2 40. Nc4 Bxf2+ 41. Kf1 Bxe1 42. Nxb2 a3 43. Nc4 Bb4 44. Nd3 a2 45. Nxb4 a1=Q+ 46. Ke2 Qh1 47. Kd3 Qxh2 48. Kc3 Rd8 49. Nd3 Qxg3 50. Ne5 Rxd3+ 51. Nxd3 Qxd3+ 52. Kxd3 Kd6 53. Ke4 e5 54. Kf5 Kd5 55. Kf6 e4 56. Kxf7 e3 0-1

[Event "*** Titled Tuesday Blitz"]
[Site "Chess.com"]
[Date "2020.05.12"]
[Round "6"]
[White "Abund"]
[Black "PotapovaM"]
[Result "1-0"]
[WhiteElo "2628"]
[BlackElo "2421"]
[TimeControl "180+1"]
[EndTime "11:07:06 PDT"]
[Termination "Abund won by resignation"]

1. d4 Nf6 2. c4 g6 3. Nc3 d5 4. cxd5 Nxd5 5. Nf3 Bg7 6. Bd2 O-O 7. e4 Nb6 8. Be3 Nc6 9. Be2 Bg4 10. d5 Bxf3 11. gxf3 Ne5 12. Bd4 g5 13. Rg1 e6 14. f4 Ng6 15.
Bxg7 Kxg7 16. Qd4+ Qf6 17. Qxf6+ Kxf6 18. fxg5+ Ke7 19.
O-O-O Nf4 20. Bf3 e5 21. Ne2 Ng6 22. Ng3 Nc4 23. Nf5+ Ke8 24. Ng7+ Ke7 25. Nf5+ Ke8 26. h4 Nd6 27. h5 Nf4 28. Bg4 Nxf5 29. Bxf5 Ne2+ 30.
Kd2 Nxg1 31. Rxg1 Rh8 32. Rc1 c6 33. dxc6 bxc6 34. Rxc6 Ke7 35. Rc7+ Kd6 36. Rxf7 Rhg8 37. g6 hxg6 38. hxg6 a5 39. g7 a4 40. Bh7 Rgd8 41. Ke3 Rab8 42. g8=Q Rxg8 43. Bxg8 Rxg8 44. Ra7 Rb8 45. Ra6+ Ke7 46. Rxa4 Rxb2 47. Ra6 Rc2 48.
Kf3 Rd2 49. Kg3 Re2 50. f3 Rf2 51. Kxf2 1-0

[Event "*** Titled Tuesday Blitz"]
[Site "Chess.com"]
[Date "2020.05.12"]
[Round "6"]
[White "BikingBrian"]
[Black "fish7728"]
[Result "1-0"]
[WhiteElo "2247"]
[BlackElo "2044"]
[TimeControl "180+1"]
[EndTime "11:07:06 PDT"]
[Termination "BikingBrian won on time"]

1. d4 f6 2. e4 e6 3. Nc3 b6 4.
Be3 Nh6 5. f3 Nf7 6. Bd3 Be7 7.
Qd2 a6 8. Nge2 Bb7 9. O-O-O d6 10. g4 Nd7 11. h4 c5 12. d5 e5 13. Ng3 Qc7 14.
Nf5 Bf8 15. g5 O-O-O 16. Qe2 b5 17. Bxb5 axb5 18. Nxb5 Qa5 19. Bd2 Qxa2 20. Na3 Qa1+ 21. Nb1 Qa6 22. Qe1 Nb6 23. Ba5 Rd7 24. Bxb6 Qxb6 25.
Rd3 c4 26. Ra3 fxg5 27. Ne3 Rc7 28. hxg5 Nxg5 29. Qg3 Be7 30. Nf5 Bf6 31. Nc3 g6 32. Na4 Qb4 33. Ne3 c3 34. Nxc3 Nf7 35. Qe1 Bg5 36.
Kb1 Kb8 37. Rb3 Qd4 38. Nb5 Qxe3 39. Rxe3 Bxe3 40. Qxe3 Rc5 41. Nc3 Rhc8 42. Rxh7 Nd8 43. Qd3 Rc4 44. Qe3 Rd4 45. Qe2 Rcc4 46. b3 Rc7 47. Nb5 Rxh7 48. Nxd4 Rh1+ 49. Kb2 exd4 50. e5 dxe5 51. Qxe5+ Ka7 52. Qxd4+ Kb8 53. d6 Nc6 54. Qf6 Rh2 55. d7 Kc7 56. Qf4+ Kxd7 57. Qxh2 Nd4 58.
Qd2 1-0

[Event "*** Titled Tuesday Blitz"]
[Site "Chess.com"]
[Date "2020.05.12"]
[Round "6"]
[White "Gareth-Bale11"]
[Black "IriBu"]
[Result "1-0"]
[WhiteElo "2725"]
[BlackElo "2547"]
[TimeControl "180+1"]
[EndTime "11:07:07 PDT"]
[Termination "Gareth-Bale11 won by resignation"]

1. d4 Nf6 2. c4 g6 3. Nc3 Bg7 4. e4 O-O 5. Be2 d6 6. Be3 e5 7. d5 a5 8. g4 Na6 9. h4 Nd7 10. Nf3 Ndc5 11. Nd2 f5 12. f3 fxg4 13. fxg4 Rf4 14.
a3 Bd7 15. Bxf4 exf4 16. Qc2 Qe7 17. g5 a4 18. Rf1 Rf8 19. O-O-O Bxc3 20. Qxc3 Nxe4 21.
Nxe4 Qxe4 22. Bd3 Qe3+ 23. Qd2 Qxd2+ 24. Kxd2 Nc5 25. Bc2 b5 26. cxb5 Bxb5 27. Rf3 Bc4 28. Rdf1 Bxf1 29. Rxf1 f3 30. Ke3 Rb8 31. Rb1 Rf8 32.
Rf1 Kg7 33. Rxf3 Rb8 34. h5 gxh5 35. Rh3 Rxb2 36. Kd2 Ra2 37. Rxh5 Rxa3 38. Rxh7+ Kg8 39. Rxc7 Rg3 40. g6 a3 41. Ra7 Rg2+ 42. Kc3 Rg3+ 43. Kc4 Rg4+ 44. Kb5 Rg2 45. Bf5 a2 46. Kc6 Nb3 47.
Be6+ Kf8 48. g7+ Rxg7 49. Rxa2 Nd4+ 50. Kxd6 Rg3 51. Ra8+ Kg7 52. Rg8+ Kf6 53. Rxg3 Nb5+ 54. Kc5 Nc7 55. Rf3+ Ke5 56. Rf5+ Ke4 57. Rf7 Na6+ 58. Kb6 Nb4 59. d6 Ke5 60. d7 Kxe6 61. d8=Q Nd5+ 62. Kc5 Kxf7 63. Qxd5+ 1-0

[Event "*** Titled Tuesday Blitz"]
[Site "Chess.com"]
[Date "2020.05.12"]
[Round "6"]
[White "TudorAnton"]
[Black "Semen_Khanin"]
[Result "0-1"]
[WhiteElo "2479"]
[BlackElo "2690"]
[TimeControl "180+1"]
[EndTime "11:07:07 PDT"]
[Termination "Semen_Khanin won by resignation"]

1. d4 Nf6 2. c4 e6 3. Nc3 Bb4 4. Nf3 b6 5. Bg5 Bb7 6. Nd2 Bxc3 7. bxc3 d6 8. f3 Nbd7 9. e4 h6 10.
Bh4 c5 11. Be2 Nf8 12. Qa4+ Qd7 13. Qc2 Ng6 14. Bxf6 gxf6 15. O-O-O cxd4 16. cxd4 Rc8 17. Kb2 b5 18. c5 dxc5 19. dxc5 Qd4+ 20. Kb1 Rxc5 21.
Nb3 Rxc2 22. Nxd4 Rc5 23. Bxb5+ Ke7 24. Nf5+ exf5 25. Rd7+ Kf8 26. Rxb7 fxe4 27. fxe4 Kg7 28. Ba4 Rd8 29. Bb3 Ne5 30. Rxa7 Rd2 31. Rc1 Rxc1+ 32. Kxc1 Rxg2 33. h4 Rg4 34. Bd5 Rxh4 35. a4 Rh1+ 36. Kb2 h5 37. a5 h4 38. a6 h3 39. Rxf7+ Nxf7 40. a7 Ne5 41. a8=Q h2 42. Qg8+ Kh6 43.
Qh8+ Kg6 44. Kc2 Ng4 45. e5 Ne3+ 46. Kd3 Nxd5 47. Ke2 Nf4+ 48. Kf2 Ra1 49. Qg8+ Kf5 50. Qc8+ Kg5 51. Qg8+ Ng6 52. Qg7 h1=Q 53. Qxf6+ Kh6 54.
Ke3 0-1

[Event "*** Titled Tuesday Blitz"]
[Site "Chess.com"]
[Date "2020.05.12"]
[Round "6"]
[White "Nara_Kh"]
[Black "Sanyura"]
[Result "1-0"]
[WhiteElo "2321"]
[BlackElo "2485"]
[TimeControl "180+1"]
[EndTime "11:07:07 PDT"]
[Termination "Nara_Kh won on time"]

1. e4 c5 2. Nf3 e6 3. d4 cxd4 4. Nxd4 Nf6 5. Nc3 Nc6 6. Be3 Bb4 7. Nxc6 bxc6 8. e5 Nd5 9. Bd2 Qa5 10. Ne4 O-O 11. Bd3 Qc7 12. c3 Be7 13. f4 f5 14.
exf6 Nxf6 15. O-O d5 16. Ng5 h6 17. Nf3 Qb6+ 18. Kh1 Qxb2 19. Rb1 Qxa2 20. Ne5 Bd7 21. Qe2 Bc8 22. Ra1 Qxa1 23. Rxa1 a5 24. Nxc6 Bc5 25.
Nd4 Re8 26. Bb5 Re7 27. Qe5 Ne4 28.
Be3 Nxc3 29. Bd3 Bd7 30. Qh5 a4 31. Qg6 Ne4 32. Bxe4 dxe4 33. Qxe4 Ree8 34. Nf3 Be7 35. Bd4 a3 36. Ne5 Bb5 37. Ng6 Bf8 38. f5 a2 39.
Nxf8 Kxf8 40. fxe6 Kg8 41. Qf5 Re7 42. Qxb5 Kh8 43. h3 Rxe6 44. Qb3 Rea6 45. Bb2 Kh7 46. Qc3 R8a7 47. Qc2+ Kg8 48. Qc4+ Kh7 49. h4 Ra4 50. Qc2+ Kg8 51. g3 Rb4 52. h5 Rba4 53. Kh2 R4a5 54. g4 Ra4 55. Kh3 R7a5 56. Qb3+ 1-0

[Event "*** Titled Tuesday Blitz"]
[Site "Chess.com"]
[Date "2020.05.12"]
[Round "6"]
[White "Msb2"]
[Black "Batica1984"]
[Result "0-1"]
[WhiteElo "2908"]
[BlackElo "2830"]
[TimeControl "180+1"]
[EndTime "11:07:08 PDT"]
[Termination "Batica1984 won by resignation"]

1. d4 Nf6 2. c4 c5 3. d5 b5 4. cxb5 a6 5. bxa6 g6 6. Nc3 Bxa6 7. e4 d6 8. Bxa6 Nxa6 9. Nf3 Bg7 10. O-O O-O 11. Qe2 Qb6 12. Rb1 Nd7 13. Bd2 Nc7 14. b3 Rfb8 15. h3 Qa6 16. a4 Qxe2 17. Nxe2 Na6 18.
Rfc1 Rb7 19. Nc3 Nc7 20. Be3 Rab8 21. Nd2 Ne5 22. Rc2 c4 23. bxc4 Rxb1+ 24. Ncxb1 Na6 25. c5 dxc5 26. Bxc5 Rc8 27. Nb3 Nd3 28. a5 Ndxc5 29.
N1d2 Rc7 30. Nxc5 Rxc5 31. Rxc5 Nxc5 32. f3 e6 33. dxe6 fxe6 34. Nc4 Kf7 35. Kf2 Ke7 36. e5 Kd7 37. f4 Kc6 38. Kf3 Bf8 39. g4 Kb5 40. Ne3 Kxa5 41. f5 Kb6 42. h4 Kc6 43. h5 gxf5 44. gxf5 exf5 45. Nxf5 Kd5 46. Kf4 Ne6+ 47.
Kg4 Kxe5 48. Ng3 Bh6 49. Nf5 Bf4 50. Nh4 Ng7 51. Nf3+ Ke4 52. Ng5+ Bxg5 53. Kxg5 Nf5 54. h6 Ke5 55. Kh5 Kf6 56. Kg4 Nxh6+ 57. Kf4 Nf5 0-1

[Event "*** Titled Tuesday Blitz"]
[Site "Chess.com"]
[Date "2020.05.12"]
[Round "6"]
[White "MaxVavulin"]
[Black "Manukyan_Artak"]
[Result "1/2-1/2"]
[WhiteElo "2628"]
[BlackElo "2436"]
[TimeControl "180+1"]
[EndTime "11:07:08 PDT"]
[Termination "Game drawn - insufficient material"]

1. e4 c6 2. Nf3 d5 3. d3 dxe4 4.
dxe4 Qxd1+ 5. Kxd1 Bg4 6. Be2 Nd7 7. Ne1 Bxe2+ 8. Kxe2 e6 9. a4 O-O-O 10. f3 f5 11. Bg5 Be7 12. Bxe7 Nxe7 13. Nd3 fxe4 14. fxe4 Rhf8 15. Nd2 Nf6 16. a5 Ng6 17. Rhf1 e5 18. Rf5 Rfe8 19. g3 Rd4 20. Kf3 Kc7 21. h4 Nd7 22. Ke3 Rf8 23. c3 Rd6 24. Nc4 Rdf6 25. Raf1 b5 26. axb6+ axb6 27. h5 Ne7 28. R5f3 Rxf3+ 29.
Rxf3 Rxf3+ 30. Kxf3 g6 31. hxg6 Nxg6 32. Kg4 b5 33. Ne3 Kd6 34. Kg5 Ne7 35. Nf5+ Nxf5 36. Kxf5 c5 37. g4 c4 38. Ne1 Nc5 39. Nf3 Nd3 40. Kf6 Nxb2 41. Nxe5 Nd1 42. Nf7+ Kc5 43. e5 Nxc3 44. e6 Nd5+ 45. Ke5 c3 46. Nd6 c2 47.
Ne4+ Kc4 48. Nd2+ Kd3 49. Nb3 Kc3 50. Kxd5 Kxb3 51. e7 c1=Q 52. e8=Q Qc4+ 53. Kd6 Qxg4 54. Qxb5+ Qb4+ 55. Qxb4+ Kxb4 56. Ke5 Kc5 57. Kf5 Kd6 58. Kg5 Ke7 59. Kh6 Kf8 60. Kxh7 1/2-1/2

[Event "*** Titled Tuesday Blitz"]
[Site "Chess.com"]
[Date "2020.05.12"]
[Round "6"]
[White "Boninknights"]
[Black "AttilaTurzo"]
[Result "0-1"]
[WhiteElo "2248"]
[BlackElo "2480"]
[TimeControl "180+1"]
[EndTime "11:07:09 PDT"]
[Termination "AttilaTurzo won on time"]

1. d4 Nf6 2. Nf3 e6 3. c4 Bb4+ 4. Bd2 Qe7 5. g3 Nc6 6. Bg2 Bxd2+ 7. Nbxd2 d6 8. Nf1 e5 9. Ne3 O-O 10. Nd5 Nxd5 11. cxd5 Nxd4 12. Nxd4 exd4 13. Qxd4 Bd7 14. Rc1 Rfc8 15. O-O c5 16. dxc6 Bxc6 17. e3 Bxg2 18.
Kxg2 Rc6 19. Rxc6 bxc6 20. Rc1 Rc8 21. b4 c5 22. Qd5 Qc7 23. a4 c4 24. Rc3 g6 25. f4 Kg7 26. a5 a6 27. e4 f6 28.
g4 Kf8 29. g5 fxg5 30. fxg5 Kg7 31. Qd4+ Kg8 32. h4 Qf7 33. Qd5 Kg7 34. Qxf7+ Kxf7 35.
Kf3 Ke6 36. Kf4 d5 37. exd5+ Kxd5 38. Ke3 Ke5 39. Rc1 Kd5 40. Kd2 Kd4 41. Rf1 Rb8 42.
Rf4+ Kd5 43. Kc3 Re8 44. Rd4+ Ke5 45. Kxc4 Rc8+ 46. Kd3 Rf8 47. Rd7 Rf3+ 48. Kc2 Rf4 49. Rxh7 Rxb4 50. h5 gxh5 51. Rxh5 Kf5 52. Kc3 Rb5 53.
Rh6 Rxa5 54. g6 Kf6 55. Kb4 Ra1 56. g7+ Kxg7 0-1

[Event "*** Titled Tuesday Blitz"]
[Site "Chess.com"]
[Date "2020.05.12"]
[Round "6"]
[White "spela91"]
[Black "MacDaddyMac"]
[Result "1/2-1/2"]
[WhiteElo "2090"]
[BlackElo "2267"]
[TimeControl "180+1"]
[EndTime "11:07:10 PDT"]
[Termination "Game drawn by stalemate"]

1. d4 Nf6 2. c4 e6 3. Nc3 b6 4.
e4 Bb4 5. Bd3 c5 6. d5 e5 7. Ne2 d6 8. a3 Bxc3+ 9. Nxc3 Bd7 10.
O-O h6 11. f4 Bg4 12. Be2 Bxe2 13. Qxe2 Nbd7 14. f5 a6 15. a4 h5 16. Bg5 Qe7 17. Ra3 Qf8 18. a5 Qe7 19. axb6 Nxb6 20. Rfa1 Qb7 21. b3 Nfd7 22. Qa2 f6 23. Be3 Nb8 24.
Nb5 axb5 25. Rxa8 Nxa8 26. Qxa8 Qxa8 27. Rxa8 O-O 28. cxb5 Nd7 29. Rxf8+ Kxf8 30. Bd2 Ke7 31. Ba5 Nf8 32. Kf2 Kd7 33. Ke3 g6 34. fxg6 Nxg6 35. g3 Ne7 36. Kd3 f5 37. Ke3 fxe4 38. Kxe4 Ng8 39. Kf5 Ne7+ 40. Kg5 Nxd5 41. Kxh5 e4 42. Kg4 e3 43. Kf3 Kc8 44. h4 Kd7 45. g4 Kc8 46. h5 Kd7 47. h6 Nf6 48. g5 Ng8 49. h7 e2 50. Kxe2 Nf6 51. h8=Q d5 52. Qh7+ Ke6 53. Qg6 d4 54. Qxf6+ Kd5 55. b6 d3+ 56. Kd2 c4 57.
bxc4+ Kc5 58. b7 Kxc4 59. Qc6+ Kd4 60. b8=Q 1/2-1/2

[Event "*** Titled Tuesday Blitz"]
[Site "Chess.com"]
[Date "2020.05.12"]
[Round "6"]
[White "Mykola-Bortnyk"]
[Black "walkingcreep"]
[Result "1-0"]
[WhiteElo "2879"]
[BlackElo "2664"]
[TimeControl "180+1"]
[EndTime "11:07:11 PDT"]
[Termination "Mykola-Bortnyk won by resignation"]

1. e4 d6 2. d4 Nf6 3. Nc3 e5 4. Nf3 Nbd7 5. Bc4 Be7 6. a4 O-O 7. O-O c6 8. a5 h6 9. Re1 exd4 10. Nxd4 Ne5 11. Bf1 Re8 12. b3 Bf8 13. Bb2 Bd7 14.
h3 Ng6 15. g3 Re5 16. Bg2 Rxa5 17. Rxa5 Qxa5 18. Qd2 Re8 19. Ra1 Qb6 20. Kh2 a6 21.
f4 h5 22. Re1 Qc7 23. Nf5 Bxf5 24. exf5 Rxe1 25. Qxe1 Ne7 26. Ne4 Nxe4 27. Qxe4 d5 28. Qd3 f6 29. Bf3 h4 30. c4 hxg3+ 31. Kxg3 Qd7 32.
cxd5 Nxd5 33. Qe4 Bd6 34. Bc1 Qe7 35. h4 Qxe4 36. Bxe4 Nc3 37. Bd3 b5 38. Bd2 Nd5 39. Be4 Kf7 40. h5 Bc5 41. Kf3 Ke7 42. Bc1 a5 43. Bc2 Bd4 44. Ba3+ c5 45. Bc1 Nc3 46. Bd3 a4 47. bxa4 bxa4 48. Bc4 Nb1 49. Ba2 Nc3 50.
Bc4 Kd6 51. Bg8 Nd5 52. Ke4 Ne7 53. Bc4 Bc3 54. Bb5 Nd5 55. Bxa4 c4 56. Be8 Kc5 57.
Bf7 Nb4 58. Be3+ Kb5 59. Be8+ Ka5 60. Bc5 Bb2 61. Bf7 c3 62. Bb3 c2 63. Bxc2 Nxc2 64. Bf8 Kb5 65. Bxg7 Kc6 66. h6 Nb4 67. h7 Nd5 68.
h8=Q 1-0